Description

Created by Dark, adapted by Harstem and copied by me

VOD

https://www.youtube.com/watch?v=f110pnAc7kM&t=1446s

Build Order

Get SALT Encoding   

  14  0:14  Extractor Extractor trick  
  15  0:22  Overlord  
  16  0:45  Hatchery  
  18  1:06  Extractor  
  17  1:10  Spawning Pool  
  20  1:57  Queen x2  
  26  2:00  Overlord  
  26  2:10  Metabolic Boost  
  26  2:15  Zergling x2  
  29  2:36  Hatchery  
  28  2:40  Zergling x2  
  31  2:50  Lair  
  32  3:00  Overlord  
  44  3:50  Nydus Network Non-stop lings on saturated minerals  
  60  4:28  Nydus Canal  
Spawning Tool Build Advisor. Get it on Overwolf

Analysis

Good aggressive opener that doesn't rely on banelings

Go to:

Details

  • Created by: Chained17
  • Published on: Feb 26, 2025
  • Modified on: Feb 26, 2025
  • Patch: 5.0.11
  • Difficulty: Medium
Show
View Real Time Build Order
Export as new Build Order

Comments (0)

There are no comments. Be the first!

Create an account to comment!